[Event "*** Titled Tuesday Blitz"]
[Site "Chess.com"]
[Date "2021.02.16"]
[Round "5"]
[White "anon481216"]
[Black "szefru"]
[Result "1-0"]
[WhiteElo "2448"]
[BlackElo "2260"]
[TimeControl "180+1"]
[EndTime "10:57:00 PST"]
[Termination "anon481216 won by checkmate"]

1. d4 d5 2. c4 c6 3. Nf3 Nf6 4. Nc3 e6 5. Bg5 Nbd7 6. cxd5 exd5 7. e3 Be7 8. Bd3 O-O 9. Qc2 h6 10. Bh4 a5 11. O-O Re8 12. a3 Nf8 13. Rab1 Be6 14.
b4 axb4 15. axb4 Ra3 16. b5 Qa5 17. Rfc1 c5 18. dxc5 Bxc5 19. Bxf6 gxf6 20. Ne2 b6 21. Nfd4 Rc8 22. Nc6 Qa4 23. Qxa4 Rxa4 24. Ned4 Kg7 25.
Ra1 Rca8 26. Rxa4 Rxa4 27. h3 Nd7 28. Bf5 Nf8 29. g4 Ra2 30. Kg2 Rb2 31. Ra1 Ng6 32.
Nxe6+ fxe6 33. Ra7+ Kf8 34. Bxg6 Bxe3 35. Rf7+ Kg8 36.
Ne7+ Kh8 37. Rh7# 1-0

[Event "*** Titled Tuesday Blitz"]
[Site "Chess.com"]
[Date "2021.02.16"]
[Round "5"]
[White "goofypenguin96"]
[Black "Natalya_Buksa"]
[Result "0-1"]
[WhiteElo "2376"]
[BlackElo "2539"]
[TimeControl "180+1"]
[EndTime "10:57:01 PST"]
[Termination "Natalya_Buksa won by resignation"]

1. d4 Nf6 2. c4 e6 3. Nc3 d5 4. Nf3 Be7 5. Bf4 O-O 6. e3 b6 7. cxd5 Nxd5 8. Nxd5 Qxd5 9. Bd3 Qa5+ 10. Ke2 c5 11.
dxc5 Bxc5 12. a3 Be7 13. Qc2 Ba6 14. b4 Bxd3+ 15. Qxd3 Qh5 16. Rhd1 h6 17. Kf1 Rd8 18. Qxd8+ Bxd8 19. Rxd8+ Kh7 20. Rxb8 Qb5+ 21. Kg1 Rxb8 22. Bxb8 f6 23. Bxa7 e5 24. Bb8 Qc6 25. h3 Qb7 26. Bd6 Qd5 27. Bc7 Qc6 28. Bd8 Qd6 29. Bxb6 Qxb6 30.
Kh2 Qd6 31. a4 e4+ 32. Kg1 exf3 33. a5 Qxb4 34. a6 Qc3 35. Ra4 Qe1+ 36. Kh2 Qxf2 37. Rg4 fxg2 38. Rxg2 Qxe3 39. Ra2 Qe5+ 40. Kg1 Qc5+ 41.
Kh2 Qc7+ 42. Kg2 Qc6+ 43. Kh2 Qd5 44. Rf2 Qd6+ 0-1

[Event "*** Titled Tuesday Blitz"]
[Site "Chess.com"]
[Date "2021.02.16"]
[Round "5"]
[White "esrosenberg"]
[Black "Kurkusha"]
[Result "0-1"]
[WhiteElo "2113"]
[BlackElo "2356"]
[TimeControl "180+1"]
[EndTime "10:57:01 PST"]
[Termination "Kurkusha won by checkmate"]

1. Nf3 d5 2. c4 e6 3. d4 Nf6 4.
Nc3 dxc4 5. a4 c5 6. e3 Nc6 7. Bxc4 cxd4 8. exd4 Bb4 9. O-O O-O 10. Bg5 Be7 11.
Re1 Nd5 12. h4 Bxg5 13. Nxg5 Nf6 14. d5 exd5 15. Nxd5 h6 16. Ne4 Nxd5 17. Qxd5 Qxh4 18. Nd6 Be6 19. Rxe6 fxe6 20. Qxe6+ Kh8 21. Nf7+ Rxf7 22.
Qxf7 Ne5 23. Qxb7 Rf8 24. Bd5 Qxf2+ 25. Kh1 Qh4+ 26. Kg1 Ng4 27. Qc7 Qf2+ 28. Kh1 Ne3 29. Bf3 Rxf3 30. gxf3 Qg2# 0-1

[Event "*** Titled Tuesday Blitz"]
[Site "Chess.com"]
[Date "2021.02.16"]
[Round "5"]
[White "bylavochka"]
[Black "AniJak"]
[Result "0-1"]
[WhiteElo "2082"]
[BlackElo "2325"]
[TimeControl "180+1"]
[EndTime "10:57:02 PST"]
[Termination "AniJak won on time"]

1. e4 c5 2. Nf3 e6 3. d4 cxd4 4. Nxd4 a6 5. Nc3 b5 6. Be3 Bb7 7. a3 d6 8. Bd3 Nd7 9. O-O Ngf6 10. Kh1 Nc5 11. f3 Be7 12. Nce2 O-O 13. Nb3 Nxb3 14.
cxb3 d5 15. e5 Nd7 16. f4 g6 17. b4 Nb6 18. Nd4 Nc4 19. Bc1 Qd7 20. b3 Nb6 21. Be3 Rac8 22. Rc1 Rxc1 23. Qxc1 Rc8 24. Qd2 Qc7 25. Qe2 Nd7 26. g4 Nf8 27. Rc1 Qd8 28. Rxc8 Qxc8 29. Qd2 f6 30. Bf2 fxe5 31. fxe5 Qd8 32. Qe3 Bg5 33. Qf3 Qc7 34. Qd1 Qxe5 0-1

[Event "*** Titled Tuesday Blitz"]
[Site "Chess.com"]
[Date "2021.02.16"]
[Round "5"]
[White "Alexsur1981"]
[Black "ZiggyStardust64"]
[Result "1-0"]
[WhiteElo "2840"]
[BlackElo "2579"]
[TimeControl "180+1"]
[EndTime "10:57:05 PST"]
[Termination "Alexsur1981 won by resignation"]

1. e4 c6 2. Nc3 d5 3. Qe2 g6 4. exd5 cxd5 5. Qb5+ Bd7 6. Qxd5 Nc6 7. Bc4 e6 8. Qf3 Ne5 9. Qe2 Nxc4 10. Qxc4 Bc6 11.
Nf3 Rc8 12. Qe2 Bg7 13. O-O Ne7 14. Ne4 O-O 15. c3 Qd5 16. Re1 Bb5 17. Qe3 Nf5 18. Qxa7 Bd3 19. Ng3 Ra8 20. Qb6 Nd6 21. b3 e5 22. Bb2 e4 23. c4 Qe6 24. Bxg7 Kxg7 25. Qd4+ Qf6 26. Qxf6+ Kxf6 27. Nd4 Ke5 28. Nde2 g5 29.
Nc3 f5 30. f3 Kd4 31. fxe4 fxe4 32. Re3 Rf7 33. Rae1 Raf8 34. h3 Re8 35. Nge2+ Kc5 36. Na4+ Kb4 37. Nec3 Nf5 38. Rxd3 exd3 39. Rxe8 Ng3 40.
Re1 h5 41. Nd5+ Ka3 42. Nc5 Ne2+ 43. Kh2 h4 44. Nxd3 Ng3 45. Nc3 b6 46. Re8 Ra7 47.
Nb5+ Kxa2 48. Nxa7 1-0

[Event "*** Titled Tuesday Blitz"]
[Site "Chess.com"]
[Date "2021.02.16"]
[Round "5"]
[White "NTBT_DHS"]
[Black "Balla_Tamas"]
[Result "1-0"]
[WhiteElo "2782"]
[BlackElo "2448"]
[TimeControl "180+1"]
[EndTime "10:57:08 PST"]
[Termination "NTBT_DHS won by resignation"]

1. e4 g6 2. d4 Bg7 3. Nf3 d6 4. h4 h6 5. Bc4 a6 6. a4 Bg4 7.
Nc3 e6 8. a5 Nd7 9. Be3 Ne7 10. Be2 c5 11. Qd2 Bxf3 12. Bxf3 cxd4 13. Bxd4 Bxd4 14. Qxd4 Ne5 15. Be2 N7c6 16. Qa4 O-O 17. f4 Nd7 18. h5 g5 19. O-O-O Qxa5 20. Qxa5 Nxa5 21. Rxd6 Nf6 22. fxg5 hxg5 23. e5 Ne8 24. Rd7 Nc6 25. Rxb7 Nxe5 26. Ne4 f6 27. h6 Rd8 28. Bxa6 Rd4 29. Nc5 Rd6 30. Bb5 f5 31.
Re1 Nc6 32. Rxe6 Nd8 33. Rxe8 Nxb7 34. Bc4+ Kh7 35. Rxf8 Nxc5 36. Rxf5 Ne4 37. Bd3 1-0

[Event "*** Titled Tuesday Blitz"]
[Site "Chess.com"]
[Date "2021.02.16"]
[Round "5"]
[White "AldokhinIvan"]
[Black "XDPS"]
[Result "0-1"]
[WhiteElo "2441"]
[BlackElo "2732"]
[TimeControl "180+1"]
[EndTime "10:57:08 PST"]
[Termination "XDPS won by resignation"]

1. e4 c5 2. Nf3 e6 3. d4 cxd4 4. Nxd4 a6 5. Nc3 Qc7 6. Bd3 b5 7. Qe2 Bb7 8. O-O d6 9. a4 b4 10. Na2 Nf6 11. Bd2 Be7 12. Nxb4 O-O 13. Na2 Nbd7 14. b4 Rfc8 15. f4 Bf8 16. c4 e5 17.
Nf5 a5 18. Kh1 exf4 19. Bxf4 Re8 20. c5 Nxe4 21. Qb2 axb4 22. cxd6 Qc5 23. Qxb4 Nf2+ 24.
Rxf2 Qxf2 25. Qxb7 Re1+ 0-1

[Event "*** Titled Tuesday Blitz"]
[Site "Chess.com"]
[Date "2021.02.16"]
[Round "5"]
[White "klimkoj"]
[Black "atalz0"]
[Result "0-1"]
[WhiteElo "2546"]
[BlackElo "2409"]
[TimeControl "180+1"]
[EndTime "10:57:08 PST"]
[Termination "atalz0 won by resignation"]

1. d4 d5 2. c4 e6 3. Nf3 a6 4.
g3 dxc4 5. Bg2 Nc6 6. e3 Rb8 7.
Nfd2 Na5 8. Qa4+ c6 9. b4 cxb3 10. axb3 b6 11. O-O Bd7 12. b4 c5 13. Qa2 cxb4 14. Re1 Nf6 15. Bf1 Qc8 16. Nb3 Nxb3 17. Qxb3 a5 18. e4 Be7 19. d5 O-O 20. Bf4 exd5 21.
exd5 Bc5 22. Nd2 Rb7 23. Ba6 Qa8 24. Bxb7 Qxb7 25. Nc4 Qxd5 26. Rad1 Qa8 27. Be5 Bh3 0-1

[Event "*** Titled Tuesday Blitz"]
[Site "Chess.com"]
[Date "2021.02.16"]
[Round "5"]
[White "BrianEscalante"]
[Black "jens1102"]
[Result "1-0"]
[WhiteElo "2617"]
[BlackElo "2430"]
[TimeControl "180+1"]
[EndTime "10:57:09 PST"]
[Termination "BrianEscalante won by resignation"]

1. e4 e5 2. Nf3 Nc6 3. d4 exd4 4. Nxd4 Nf6 5. Nxc6 bxc6 6. e5 Qe7 7. Qe2 Nd5 8. h4 d6 9. c4 Nb6 10. exd6 cxd6 11. Be3 d5 12. cxd5 Nxd5 13. Bd4 Qxe2+ 14. Bxe2 Bb4+ 15. Nc3 O-O 16. O-O Nxc3 17. bxc3 Be7 18. Bf3 Ba6 19. Bxc6 Bxf1 20. Bxa8 Rxa8 21. Kxf1 Bxh4 22.
Rb1 Bf6 23. Bxf6 gxf6 24. Ke2 Rc8 25. Kd3 Rc5 26. c4 Kg7 27. Kd4 Ra5 28. Rb2 Kf8 29.
Re2 Rg5 30. f3 Ra5 31. c5 Ra4+ 32. Kd5 Ra3 33. c6 Rd3+ 34. Kc5 Rc3+ 35. Kd6 Rd3+ 36.
Kc7 a5 37. Kb6 a4 38. c7 Rc3 39. Kb7 1-0

[Event "*** Titled Tuesday Blitz"]
[Site "Chess.com"]
[Date "2021.02.16"]
[Round "5"]
[White "HrvojeZagreb"]
[Black "guillembaches"]
[Result "1-0"]
[WhiteElo "2258"]
[BlackElo "2456"]
[TimeControl "180+1"]
[EndTime "10:57:10 PST"]
[Termination "HrvojeZagreb won on time"]

1. d4 Nf6 2. Bf4 b6 3. Nc3 Bb7 4. Qd3 d5 5. Qh3 e6 6. e3 Bd6 7.
Bg5 a6 8. Bd3 h6 9. e4 dxe4 10.
Bxe4 Bxe4 11. Nxe4 Be7 12. Bxf6 Bxf6 13. O-O-O Nd7 14. d5 e5 15. d6 c5 16. Nf3 g6 17.
Rhe1 Bg7 18. Nc3 O-O 19. Nd5 f5 20. Nh4 Kh7 21. Nc7 Qf6 22. Nxa8 Rxa8 23. c3 b5 24. g4 Rf8 25. gxf5 gxf5 26. Rg1 b4 27. Rg6 Qf7 28. Rdg1 Rg8 29. Nxf5 1-0

[Event "*** Titled Tuesday Blitz"]
[Site "Chess.com"]
[Date "2021.02.16"]
[Round "5"]
[White "mirochka"]
[Black "Bacyanide"]
[Result "0-1"]
[WhiteElo "2271"]
[BlackElo "2430"]
[TimeControl "180+1"]
[EndTime "10:57:10 PST"]
[Termination "Bacyanide won on time"]

1. e4 c6 2. d4 d5 3. e5 c5 4.
dxc5 e6 5. Be3 Nd7 6. Bb5 Ne7 7. Nf3 Nf5 8. Bd4 Qa5+ 9. Nc3 a6 10. Bxd7+ Bxd7 11. a3 Nxd4 12. Qxd4 Qxc5 13. Qg4 h5 14.
Qg3 g6 15. O-O Bh6 16. Rad1 b5 17. Nd4 b4 18. axb4 Qxb4 19. Nb3 a5 20. Rd4 Qb6 21.
Ra1 O-O 22. f4 Rfc8 23. Qe3 a4 24. Nxa4 Bxa4 0-1

[Event "*** Titled Tuesday Blitz"]
[Site "Chess.com"]
[Date "2021.02.16"]
[Round "5"]
[White "Evachess2006"]
[Black "LuisFSiles"]
[Result "0-1"]
[WhiteElo "1608"]
[BlackElo "2309"]
[TimeControl "180+1"]
[EndTime "10:57:11 PST"]
[Termination "LuisFSiles won by resignation"]

1. e4 c5 2. c3 d5 3. exd5 Nf6 4. d4 cxd4 5. cxd4 Nxd5 6. Nf3 g6 7. Be2 Bg7 8. Nc3 O-O 9. O-O Nc6 10. Bg5 h6 11.
Bh4 b6 12. Rc1 Bb7 13. Nxd5 Qxd5 14. Bc4 Qh5 15. Bg3 Rad8 16. d5 Bxb2 17. Qc2 Na5 18. Qxb2 Nxc4 19. Rxc4 Ba6 20. Rfc1 Qxd5 21. Rd4 Qf5 22.
Rxd8 Rxd8 23. h3 Bb7 24. Qe5 Qd3 25. Rc8 Bxc8 0-1

[Event "*** Titled Tuesday Blitz"]
[Site "Chess.com"]
[Date "2021.02.16"]
[Round "5"]
[White "agartha01"]
[Black "FoggyMorning"]
[Result "1-0"]
[WhiteElo "2431"]
[BlackElo "2598"]
[TimeControl "180+1"]
[EndTime "10:57:12 PST"]
[Termination "agartha01 won by resignation"]

1. d4 Nf6 2. Bf4 d5 3. e3 c5 4. Nf3 Nc6 5. Nbd2 Qb6 6. dxc5 Qxb2 7. Rb1 Qc3 8. Bb5 Qxc5 9. O-O e6 10. c4 Bd7 11. cxd5 Nxd5 12. Ne4 Qa3 13. Rb3 Qxa2 14. Nd6+ Bxd6 15. Bxd6 Na5 16. Bxd7+ Kxd7 17. Ra3 Qb2 18. Rxa5 Kxd6 19. e4 b6 20. Ra4 Ke7 21. exd5 Rhd8 22. Rd4 exd5 23. Re1+ Kf8 24. Rxd5 Rxd5 25. Qxd5 Rc8 26. Qd7 Qc1 27. h3 Qc6 28. Re8+ Rxe8 29.
Qxc6 1-0

[Event "*** Titled Tuesday Blitz"]
[Site "Chess.com"]
[Date "2021.02.16"]
[Round "5"]
[White "oneshot007"]
[Black "ferdipy"]
[Result "1-0"]
[WhiteElo "2508"]
[BlackElo "2341"]
[TimeControl "180+1"]
[EndTime "10:57:12 PST"]
[Termination "oneshot007 won by resignation"]

1. e4 e6 2. d4 d5 3. Nc3 Bb4 4.
e5 c5 5. a3 Bxc3+ 6. bxc3 Ne7 7. h4 Qa5 8. Bd2 c4 9. h5 h6 10. Nf3 Nbc6 11. g3 Qa4 12. Bg2 Bd7 13. O-O O-O-O 14.
Bh3 Kb8 15. Nh4 Ka8 16. Ra2 g5 17. Ng2 Qa5 18. Ne3 Rdf8 19. Ng4 Ng8 20. f4 f5 21. fxg5 hxg5 22. Nf6 Nxf6 23. exf6 g4 24. Bg2 Rxh5 25. Kf2 Rxf6 26. Rh1 Rxh1 27. Qxh1 Rf8 28. Qh7 Bc8 29. Qg7 Rd8 30. Ra1 e5 31. dxe5 d4 32. Re1 dxc3 33. Bg5 Re8 34. Qf7 Qc5+ 35. Be3 Qxe5 36. Bxc6 Re7 37.
Qf8 Qc7 38. Bd5 Kb8 39. Bf4 Qxf4+ 40. gxf4 Rxe1 41. Kxe1 1-0

[Event "*** Titled Tuesday Blitz"]
[Site "Chess.com"]
[Date "2021.02.16"]
[Round "5"]
[White "andrzej"]
[Black "PawnEatingZombie"]
[Result "0-1"]
[WhiteElo "2308"]
[BlackElo "2152"]
[TimeControl "180+1"]
[EndTime "10:57:13 PST"]
[Termination "PawnEatingZombie won by checkmate"]

1. e4 c6 2. d4 d5 3. exd5 cxd5 4. Bd3 Nc6 5. c3 Qc7 6. Ne2 Bg4 7. O-O e6 8. Qe1 Nf6 9. f3 Bh5 10. Qh4 Bg6 11.
Bxg6 fxg6 12. Re1 Bd6 13. Bf4 O-O 14. Bxd6 Qxd6 15. Nf4 e5 16. dxe5 Nxe5 17. Nd2 d4 18. Rad1 dxc3 19. bxc3 Qc5+ 20. Kh1 Qxc3 21. Ne4 Nxe4 22.
Rxe4 Nxf3 23. Qg3 g5 24. gxf3 Rxf4 25. Qxg5 Qxf3+ 26. Kg1 Qxd1+ 27. Kg2 Qf3+ 28. Kg1 Qf1# 0-1

[Event "*** Titled Tuesday Blitz"]
[Site "Chess.com"]
[Date "2021.02.16"]
[Round "5"]
[White "Zubrrr"]
[Black "ram1zan"]
[Result "0-1"]
[WhiteElo "2629"]
[BlackElo "2869"]
[TimeControl "180+1"]
[EndTime "10:57:14 PST"]
[Termination "ram1zan won on time"]

1. d4 d5 2. c4 e6 3. Nf3 Nf6 4. g3 dxc4 5. Bg2 a6 6. O-O Nc6 7. Nc3 Rb8 8. e3 b5 9. a4 Be7 10. axb5 axb5 11. Qe2 O-O 12. Rd1 Nb4 13. Ne5 Nfd5 14.
e4 Nf6 15. Be3 Nd7 16. Nf3 Bb7 17. Bf4 Nd3 18. Nxb5 Nxf4 19. gxf4 Bxe4 20. Qxc4 Bd5 21. Qe2 Nf6 22. Nc3 Bb7 23. Ne5 Bd6 24. Rd3 g6 25. Rh3 Qc8 26. Rd1 Bxg2 27. Kxg2 Qb7+ 28. Kg1 Qxb2 29. Qf3 Qc2 30. Qg3 Rb3 31. Qh4 Nh5 0-1

[Event "*** Titled Tuesday Blitz"]
[Site "Chess.com"]
[Date "2021.02.16"]
[Round "5"]
[White "Khnykin_Nikolay"]
[Black "barbara25"]
[Result "0-1"]
[WhiteElo "2070"]
[BlackElo "2248"]
[TimeControl "180+1"]
[EndTime "10:57:14 PST"]
[Termination "barbara25 won on time"]

1. d4 Nf6 2. Nc3 e6 3. Bf4 d5 4.
e3 Bd6 5. Bxd6 cxd6 6. Nf3 O-O 7.
Bd3 a6 8. Qd2 Nbd7 9. O-O-O b5 10. h4 Bb7 11. Rdg1 Rc8 12. g4 Ne4 13. Bxe4 dxe4 14. Ne1 d5 15. g5 Nb6 16. h5 Nc4 17.
Qe2 b4 18. Nb1 Bc6 19. g6 Bb5 20. gxh7+ Kxh7 21. Qg4 Rg8 22. Qg6+ Kh8 23. Qxf7 Rc7 24. h6 g5 25. Qxe6 Rc6 26. Qg4 Rf6 27. Rg2 Nd6 28.
Rh5 Nf7 29. h7 Rg7 30. Rg3 a5 31. Rg2 a4 32. Qh3 b3 33. axb3 axb3 34. c3 Be2 35. Kd2 Bxh5 36. Qxh5 Rh6 37. Qg4 Rhxh7 38. Qg3 g4 39.
Qf4 Qg5 40. Qb8+ Rg8 41. Qg3 Rh3 42. Qc7 Rh7 43. Qg3 Nh6 44. Rh2 Re8 45. Qd6 Nf5 0-1

[Event "*** Titled Tuesday Blitz"]
[Site "Chess.com"]
[Date "2021.02.16"]
[Round "5"]
[White "WilliamSchill"]
[Black "Cuajada_Zero"]
[Result "0-1"]
[WhiteElo "2047"]
[BlackElo "2240"]
[TimeControl "180+1"]
[EndTime "10:57:15 PST"]
[Termination "Cuajada_Zero won by checkmate"]

1. e4 c6 2. d4 d5 3. Nd2 dxe4 4. Nxe4 Nf6 5. Nxf6+ exf6 6. c3 Bd6 7. Bd3 O-O 8. Ne2 Re8 9. Qc2 Kh8 10. Be3 Nd7 11. O-O-O Nf8 12. Kb1 Be6 13. c4 a6 14. Nc3 b5 15. d5 cxd5 16. cxd5 Bd7 17. Bd4 Rc8 18. Qb3 Qa5 19. a3 Rb8 20. Na2 b4 21. axb4 Bxb4 22. Bc3 Bxc3 23. Qxc3 Qxd5 24. Bxh7 Qb7 25. Bc2 Be6 26. Nc1 Rec8 27. Qg3 Qxb2# 0-1

[Event "*** Titled Tuesday Blitz"]
[Site "Chess.com"]
[Date "2021.02.16"]
[Round "5"]
[White "KingCyber19"]
[Black "AlexOstrovskiy"]
[Result "0-1"]
[WhiteElo "2529"]
[BlackElo "2754"]
[TimeControl "180+1"]
[EndTime "10:57:16 PST"]
[Termination "AlexOstrovskiy won on time"]

1. d4 Nf6 2. c4 e5 3. dxe5 Ng4 4. Nf3 Bc5 5. e3 Nc6 6. Nc3 O-O 7. Be2 Ncxe5 8. Nxe5 Nxe5 9. O-O Re8 10. b3 a5 11.
Bb2 Ra6 12. Ne4 Ba7 13. Ng3 Rh6 14. Nf5 Rg6 15. Bd4 Bb8 16. f4 Nc6 17. Bh5 Nxd4 18. Bxg6 hxg6 19. Nxd4 Rxe3 20. Re1 Rxe1+ 21. Qxe1 Ba7 22.
Rd1 d5 23. Qxa5 Bg4 24. Rd3 dxc4 25. bxc4 Bxd4+ 26. Kh1 Qd6 27. Qd2 c5 28. h3 Be6 29. Rb3 Qa6 0-1

[Event "*** Titled Tuesday Blitz"]
[Site "Chess.com"]
[Date "2021.02.16"]
[Round "5"]
[White "ridnani2021"]
[Black "bait_or_mate"]
[Result "1-0"]
[WhiteElo "2415"]
[BlackElo "2547"]
[TimeControl "180+1"]
[EndTime "10:57:17 PST"]
[Termination "ridnani2021 won on time"]

1. e4 c5 2. Nf3 e6 3. b3 a6 4. Bb2 Nc6 5. g3 Qc7 6. Bg2 Nf6 7. Nc3 Be7 8. O-O O-O 9. d4 cxd4 10. Nxd4 d6 11. Rc1 Bd7 12. h3 Rac8 13. Kh2 Rfd8 14. f4 b5 15. a3 Nxd4 16. Qxd4 Bc6 17. Rfe1 e5 18. fxe5 dxe5 19. Qf2 Bb7 20. Nd5 Nxd5 21.
exd5 Bxd5 22. Bxe5 Bd6 23. Bxd6 Rxd6 24. Bxd5 Rxd5 25. c4 Rc5 26. Re4 h6 27. Rf4 Qe7 28.
Re1 Qc7 29. Rc1 Qe7 30. Re1 Qb7 31. Ree4 bxc4 32. bxc4 a5 33. Qf1 Qb2+ 34. Rf2 Qb7 35. Ref4 R8c7 36. Qd3 Qc8 37. Rc2 a4 38. h4 g6 39. Re4 h5 40. Qe3 Qf5 41. Rf2 Qd7 42. Re8+ Kg7 43. Qc3+ 1-0

[Event "*** Titled Tuesday Blitz"]
[Site "Chess.com"]
[Date "2021.02.16"]
[Round "5"]
[White "zimmm36"]
[Black "SergeyShtyka"]
[Result "0-1"]
[WhiteElo "2270"]
[BlackElo "2477"]
[TimeControl "180+1"]
[EndTime "10:57:18 PST"]
[Termination "SergeyShtyka won by resignation"]

1. d4 c5 2. Nf3 cxd4 3. Nxd4 e5 4. Nb3 d5 5. g3 Nf6 6. Bg2 Be6 7. O-O Be7 8. Nc3 O-O 9. Bg5 e4 10. Bxf6 Bxf6 11.
Nd4 Nc6 12. Nxe6 fxe6 13. e3 Bxc3 14. bxc3 Ne5 15. Rb1 Qe7 16. Rb4 Rac8 17. Qb1 b6 18. Qb3 Qc5 19. Ra4 Rf7 20. Bh3 Re7 21. Rd1 Rcc7 22. Ra3 Kf7 23. Kg2 g5 24. Kg1 g4 25. Bg2 h5 26. h3 Qc4 27. Qxc4 Rxc4 28. hxg4 hxg4 29. Rd4 Rc5 30. Bf1 Rec7 31. Be2 Rxc3 32.
Rxc3 Rxc3 33. Ra4 a5 34. Bd1 Nc4 35. Bxg4 b5 36. Rxc4 bxc4 37. Bd1 Ra3 0-1

[Event "*** Titled Tuesday Blitz"]
[Site "Chess.com"]
[Date "2021.02.16"]
[Round "5"]
[White "starplatinum2030"]
[Black "NiranjanNavalgund"]
[Result "0-1"]
[WhiteElo "2150"]
[BlackElo "2467"]
[TimeControl "180+1"]
[EndTime "10:57:18 PST"]
[Termination "NiranjanNavalgund won by resignation"]

1. e4 e5 2. Nf3 Nc6 3. Nc3 Nf6 4. d4 exd4 5. Nxd4 Bb4 6. Nxc6 bxc6 7. Bd3 O-O 8. O-O d5 9. exd5 cxd5 10. Bg5 Rb8 11.
Qf3 Be7 12. Rfe1 Be6 13. b3 h6 14. Bh4 Bg4 15. Qe3 Bb4 16. Bxf6 Qxf6 17. Nxd5 Qd6 18. Nxb4 Rxb4 19. a3 Rd4 20. f3 Bd7 21. Rad1 c5 22. c3 Rd5 23. Qe4 Bf5 24. Qxf5 Rxf5 25. Bxf5 Qf6 26.
Be4 Qxc3 27. Bd5 Kh7 28. Bc4 a5 29. a4 h5 30. Rd5 Qxe1+ 31. Bf1 Qe3+ 32. Kh1 Qc1 33.
Kg1 Re8 34. Rxh5+ Kg6 35. Rxc5 Qxc5+ 0-1

[Event "*** Titled Tuesday Blitz"]
[Site "Chess.com"]
[Date "2021.02.16"]
[Round "5"]
[White "Aygehovit1992"]
[Black "Loy_Konstantin"]
[Result "1-0"]
[WhiteElo "2586"]
[BlackElo "2375"]
[TimeControl "180+1"]
[EndTime "10:57:20 PST"]
[Termination "Aygehovit1992 won on time"]

1. e4 c5 2. Nf3 d6 3. d4 cxd4 4. Nxd4 Nf6 5. Nc3 g6 6. Be2 Bg7 7. Be3 O-O 8. Qd2 Nc6 9. O-O-O Ng4 10. Bxg4 Bxg4 11. f3 Be6 12. h4 Qa5 13. a3 Rac8 14. h5 Nxd4 15. Bxd4 Bxd4 16. Qxd4 Qc5 17. h6 Qxd4 18.
Rxd4 f6 19. Nd5 Bxd5 20. exd5 Kf7 21. f4 Rc5 22. Kd2 Rfc8 23. c3 Rc4 24. Kd3 Rxd4+ 25. Kxd4 e6 26. dxe6+ Kxe6 27. Re1+ Kd7 28. g4 b5 29. b3 Rc5 30. Re3 g5 31. f5 Re5 32.
Rxe5 dxe5+ 33. Kd5 a6 34. c4 bxc4 35. bxc4 Kc7 36. c5 Kd7 37. c6+ Kc7 38. Ke6 e4 39.
Kxf6 e3 40. Kg7 e2 41. f6 e1=Q 42. Kxh7 Kd6 43. Kg7 Ke6 44. h7 Qe5 45. h8=Q Qxf6+ 46. Kh7 Qe7+ 47. Qg7 Qc5 48. c7 Qc2+ 49. Kh6 Qh2+ 50. Kxg5 Qd2+ 51. Kg6 Qc2+ 52. Kh6 Qd2+ 53. Qg5 Qh2+ 54.
Kg6 Qxc7 55. Qf5+ Kd6 56. Qf4+ Kd7 57. Qxc7+ Kxc7 58. Kf7 1-0

[Event "*** Titled Tuesday Blitz"]
[Site "Chess.com"]
[Date "2021.02.16"]
[Round "5"]
[White "gross-aleks"]
[Black "Vanina1989"]
[Result "0-1"]
[WhiteElo "2573"]
[BlackElo "2734"]
[TimeControl "180+1"]
[EndTime "10:57:21 PST"]
[Termination "Vanina1989 won by resignation"]

1. Nf3 d5 2. e3 c6 3. b3 Bg4 4.
Bb2 e6 5. Be2 Nf6 6. Nd4 Bxe2 7.
Qxe2 Bd6 8. f4 a6 9. O-O c5 10. Nf3 Nc6 11. Ne5 Bxe5 12. fxe5 Nd7 13. Qg4 O-O 14. d4 Rc8 15. c3 b5 16. Nd2 Qb6 17.
Nf3 cxd4 18. cxd4 Ne7 19. Rac1 Nf5 20. Qf4 Rxc1 21. Bxc1 f6 22. g4 Ne7 23. exf6 Rxf6 24. Qg3 b4 25. Bd2 a5 26. Rc1 Qb5 27. Qd6 Rxf3 28.
Qxe7 Nf8 29. Re1 Qd3 30. Bc1 Qc2 31. Qh4 Ng6 32. Qd8+ Rf8 0-1

[Event "*** Titled Tuesday Blitz"]
[Site "Chess.com"]
[Date "2021.02.16"]
[Round "5"]
[White "DenisQ"]
[Black "sakkikuska"]
[Result "0-1"]
[WhiteElo "2651"]
[BlackElo "2496"]
[TimeControl "180+1"]
[EndTime "10:57:21 PST"]
[Termination "sakkikuska won by checkmate"]

1. Nf3 Nf6 2. c4 g6 3. Nc3 d5 4.
cxd5 Nxd5 5. e4 Nxc3 6. dxc3 Qxd1+ 7. Kxd1 f6 8. Bc4 e5 9. Be3 Nd7 10. Nd2 Bc5 11. Ke2 Ke7 12. Rhd1 Bxe3 13. Kxe3 Nb6 14.
Bb3 Be6 15. Bxe6 Kxe6 16. a4 Rhd8 17. a5 Nd7 18. b4 b6 19. Nb3 c5 20. bxc5 Nxc5 21.
Nxc5+ bxc5 22. Rxd8 Rxd8 23. Rb1 Kd6 24. Rb7 Rd7 25. Rb8 c4 26. Ke2 Kc6 27. a6 Kd6 28. Rf8 Ke7 29. Rc8 Ke6 30. Rxc4 Rd6 31. Rc7 Rxa6 32. Rxh7 Ra2+ 33. Ke3 Rc2 34. Rxa7 Rxc3+ 35. Kd2 Rc4 36. f3 g5 37. h3 Rb4 38. Ke2 Rb2+ 39.
Kf1 Rb1+ 40. Kf2 Rb2+ 41. Kg3 Rc2 42. Ra6+ Kf7 43. Ra1 Kg6 44. Rf1 Rb2 45. Rf2 Rb1 46. Kg4 Rg1 47. Rb2 Rc1 48. g3 Rc4 49. Rb8 f5# 0-1

[Event "*** Titled Tuesday Blitz"]
[Site "Chess.com"]
[Date "2021.02.16"]
[Round "5"]
[White "Rodchenkov_Vitalij"]
[Black "Spriteball"]
[Result "0-1"]
[WhiteElo "2553"]
[BlackElo "2373"]
[TimeControl "180+1"]
[EndTime "10:57:21 PST"]
[Termination "Spriteball won by checkmate"]

1. d4 Nf6 2. c4 e6 3. Nc3 d5 4. cxd5 exd5 5. Bf4 Be7 6. e3 O-O 7. Qc2 c5 8. Nf3 Nc6 9. Bb5 cxd4 10. exd4 Bg4 11.
Bxc6 bxc6 12. Ne5 Rc8 13. O-O Bd6 14. Bg5 Bh5 15. Qa4 c5 16. Nxd5 Bxe5 17. dxe5 Qxd5 18. exf6 Qxg5 19. fxg7 Qxg7 20. Qxa7 Bf3 21. g3 Qg4 22.
Qa3 Rc6 23. h3 Qf5 24. Rfc1 Rd8 25. Qe3 Rd3 26. Qe8+ Kg7 27. g4 Bxg4 28. Qxc6 Bf3 29. Qxc5 Qg6+ 30. Kf1 Qg2+ 31. Ke1 Qg1# 0-1

[Event "*** Titled Tuesday Blitz"]
[Site "Chess.com"]
[Date "2021.02.16"]
[Round "5"]
[White "LenkaPtacnikova"]
[Black "Kaslask"]
[Result "0-1"]
[WhiteElo "2107"]
[BlackElo "2251"]
[TimeControl "180+1"]
[EndTime "10:57:22 PST"]
[Termination "Kaslask won on time"]

1. e4 c5 2. Nf3 e6 3. d4 cxd4 4.
Nxd4 Qb6 5. Nc3 Bc5 6. Be3 Qxb2 7. Na4 Bb4+ 8. Ke2 Qa3 9. c3 b5 10. Nxb5 Ba6 11. Kf3 Bxb5 12. Bxb5 Bxc3 13. Rc1 Ba5 14.
Rc8+ Bd8 15. Nc5 Nf6 16. Qd6 Qb4 17. Bd3 Qb6 18. Qg3 O-O 19. Nxd7 Qb7 20. Nxf8 Qxc8 21. Rc1 Qb7 0-1

[Event "*** Titled Tuesday Blitz"]
[Site "Chess.com"]
[Date "2021.02.16"]
[Round "5"]
[White "AlexSuv"]
[Black "ChristopherYoo"]
[Result "0-1"]
[WhiteElo "2455"]
[BlackElo "2887"]
[TimeControl "180+1"]
[EndTime "10:57:23 PST"]
[Termination "ChristopherYoo won by resignation"]

1. d4 Nf6 2. c4 g6 3. Nc3 Bg7 4. e4 d6 5. Nf3 O-O 6. Be2 e5 7. Be3 exd4 8. Nxd4 Re8 9. f3 c6 10. Bf2 Nh5 11. Qd2 Na6 12. O-O Nc5 13. Rad1 Be5 14. g3 Nf6 15. Nb3 Nxb3 16. axb3 Be6 17. Rfe1 Qa5 18.
Bf1 Nd7 19. f4 Bg7 20. Qxd6 Bf8 21. Qd2 Nc5 22. f5 Rad8 23. Qg5 h6 24. Qf4 Bc8 25. Rxd8 Rxd8 26. fxg6 fxg6 27. Qf6 Rd6 28. Qe5 Re6 29. Qb8 Re8 30. Bh3 Bd7 31. Qf4 Bxh3 32. e5 Nd3 33. Qf6 Re6 34. Qf4 Nxf4 0-1

[Event "*** Titled Tuesday Blitz"]
[Site "Chess.com"]
[Date "2021.02.16"]
[Round "5"]
[White "Piotrek1979"]
[Black "JuliaEfremova"]
[Result "1-0"]
[WhiteElo "2417"]
[BlackElo "2222"]
[TimeControl "180+1"]
[EndTime "10:57:23 PST"]
[Termination "Piotrek1979 won by checkmate"]

1. e4 d5 2. exd5 Qxd5 3. Nc3 Qa5 4. d4 Nf6 5. Nf3 Bg4 6. h3 Bh5 7. g4 Bg6 8. Ne5 Nbd7 9. Nc4 Qa6 10. Bf4 Qe6+ 11.
Be2 c6 12. O-O Nd5 13. Bg3 Nxc3 14. bxc3 Nb6 15. Ne5 f6 16. Nxg6 hxg6 17. Qd3 Rxh3 18.
Rfe1 Qf7 19. Bf3 f5 20. gxf5 gxf5 21. Bg2 Rh8 22. Be5 Nd7 23. Rab1 Nxe5 24. Rxe5 e6 25.
Qc4 O-O-O 26. Bxc6 b6 27. Qa6+ Kb8 28. Rxb6+ axb6 29.
Qxb6+ Kc8 30. Qa6+ Kb8 31. Rb5+ Kc7 32. Rb7+ Kd6 33.
Be4# 1-0